Map: 프랙처 LE

Players

IIIIlllIIlll - Winner!

  • Race: Protoss Protoss
  • League: Grandmaster
  • Spawn Location: 11:00

IIIIIIIIIIII

  • Race: Zerg Zerg
  • League: Master
  • Spawn Location: 5:00

VOD

Have the link to the VOD?

Description

Time

  • Played on: Sept. 25, 2018, 4:01 a.m.
  • Length: 9:41
Show
View Real Time Build Order
Export as new Build Order

IIIIlllIIlll Protoss - Winner!

Build Orders: 1 Gate Expand, Oracle Opening, Phoenix Opening, Zealot Archon 

Get SALT Encoding   

  12  0:00  Probe  
  13  0:12  Probe  
  14  0:18  Pylon  
  14  0:24  Probe  
  15  0:33  Probe  
  15  0:39  Gateway  
  15  0:41  Probe  
  16  0:46  Assimilator  
  17  0:51  Probe  
  18  1:03  Probe  
  19  1:15  Probe  
  20  1:23  Nexus  
  20  1:27  Probe  
  21  1:37  Cybernetics Core  
  21  1:39  Probe  
  22  1:45  Assimilator  
  22  1:50  Pylon  
  22  1:53  Probe  
  23  2:04  Adept  
  24  2:08  Probe  
  26  2:19  Stargate  
  26  2:20  Probe  
  27  2:28  Warp Gate  
  27  2:30  Probe  
  27  2:31  Probe  
  27  2:32  Adept  
  31  2:38  Probe  
  31  2:39  Probe  
  33  2:47  Probe  
  33  2:49  Probe  
  34  2:58  Phoenix  
  35  2:59  Probe  
  35  3:01  Probe  
  35  3:02  Adept  
  41  3:11  Probe  
  40  3:14  Probe  
  40  3:17  Pylon  
  40  3:18  Oracle  
  41  3:23  Probe  
  41  3:25  Assimilator  
  41  3:26  Probe  
  46  3:27  Assimilator  
  46  3:35  Probe x2  
  48  3:42  Robotics Facility  
  48  3:43  Probe  
  48  3:47  Probe  
  50  3:53  Pylon, Probe  
  50  3:59  Probe  
  52  4:03  Twilight Council  
  52  4:05  Probe, Gateway  
  52  4:08  Gateway  
  53  4:12  Gateway  
  53  4:17  Probe  
  53  4:20  Warp Prism  
  54  4:26  Pylon  
  56  4:35  Zealot  
  58  4:45  Charge, Templar Archives  
  58  4:58  Nexus  
  58  5:00  Pylon  
  58  5:01  Probe x2  
  60  5:07  Forge  
  60  5:13  Probe x2  
  62  5:16  Gateway  
  62  5:20  Gateway  
  62  5:22  High Templar  
  62  5:23  High Templar x3  
  62  5:25  Probe  
  62  5:26  Observer, Probe  
  62  5:27  Archon  
  62  5:28  Archon  
  73  5:38  Gateway  
  73  5:39  Probe x2  
  73  5:40  Gateway  
  75  5:43  Protoss Ground Weapons Level 1  
  75  6:00  Probe x2  
  75  6:02  Immortal  
  81  6:11  Robotics Facility  
  81  6:13  Pylon  
  81  6:14  Zealot x4  
  89  6:31  Probe x3  
  86  6:35  Immortal  
  86  6:38  Psionic Storm  
  84  6:42  High Templar x2  
  84  6:44  Probe x3  
  95  6:58  Zealot  
  95  6:59  Zealot x2, Immortal  
  101  7:03  Pylon  
  101  7:04  Pylon  
  101  7:06  Pylon  
  97  7:09  Immortal  
  99  7:22  Pylon  
  103  7:25  Zealot x4  
  103  7:26  Zealot x3, High Templar  
  103  7:28  Immortal  
  119  7:30  Photon Cannon  
  119  7:33  Pylon  
  119  7:41  Assimilator  
  119  7:42  Assimilator  
  123  7:54  Immortal  
  123  7:56  Immortal  
  127  7:59  Pylon, Probe x2  
  127  8:00  Probe  
  127  8:01  Photon Cannon  
  134  8:14  Pylon  
  134  8:24  Pylon, Immortal  
  134  8:26  Pylon, High Templar, Immortal  
  144  8:45  Zealot x7  
  144  8:48  Zealot x3  
  144  8:49  Zealot x4  
  158  8:58  Immortal  
  158  9:14  Archon  
  140  9:21  Zealot x4  
  140  9:22  Zealot x4  
Show
View Real Time Build Order
Export as new Build Order

IIIIIIIIIIII Zerg 

Build Orders: Hatch First, Lurkers 

Get SALT Encoding   

  12  0:01  Drone  
  13  0:12  Overlord  
  13  0:16  Drone  
  14  0:30  Drone x2  
  16  0:48  Hatchery  
  15  0:51  Drone  
  15  0:53  Drone  
  17  0:57  Drone  
  18  1:07  Extractor  
  17  1:12  Spawning Pool  
  17  1:14  Drone  
  17  1:18  Drone  
  18  1:28  Drone  
  19  1:38  Drone  
  20  1:50  Hatchery  
  20  1:53  Drone  
  20  2:01  Queen  
  22  2:06  Drone  
  22  2:07  Drone  
  24  2:12  Metabolic Boost  
  24  2:17  Drone  
  24  2:19  Drone  
  26  2:25  Overlord  
  26  2:32  Queen  
  28  2:43  Zergling x4  
  28  2:44  Drone x2  
  32  2:49  Drone  
  31  3:05  Drone  
  31  3:08  Spore Crawler  
  31  3:09  Drone x4  
  35  3:16  Drone x3  
  35  3:18  Queen  
  40  3:21  Overlord  
  40  3:26  Drone x2  
  42  3:30  Overlord  
  42  3:31  Overlord  
  42  3:39  Overlord  
  42  3:40  Drone x2  
  44  3:50  Drone x3, Spore Crawler  
  44  3:52  Spore Crawler  
  44  3:53  Drone, Spore Crawler  
  44  3:55  Drone  
  46  4:00  Drone x3  
  49  4:06  Drone x2  
  49  4:09  Drone  
  52  4:12  Queen  
  52  4:13  Drone  
  52  4:14  Drone x2  
  57  4:17  Drone x2  
  57  4:21  Spore Crawler  
  57  4:22  Spore Crawler  
  57  4:23  Drone  
  57  4:30  Lair  
  59  4:33  Drone x2  
  59  4:34  Roach Warren, Drone  
  61  4:40  Overlord  
  61  4:42  Extractor, Drone x4  
  61  4:43  Extractor  
  63  4:46  Drone x3  
  63  4:51  Extractor, Overlord  
  65  4:55  Drone  
  65  4:58  Overlord  
  66  5:02  Drone x4  
  66  5:05  Extractor, Drone x2  
  71  5:07  Extractor  
  70  5:16  Roach x3  
  70  5:17  Roach  
  70  5:18  Roach x3  
  84  5:24  Evolution Chamber  
  84  5:27  Roach x2  
  84  5:28  Roach  
  89  5:35  Glial Reconstitution  
  89  5:37  Drone  
  90  5:45  Overlord  
  90  5:46  Hatchery, Overlord  
  89  5:51  Overlord  
  89  5:52  Overlord  
  89  5:54  Overlord  
  88  6:11  Roach  
  88  6:12  Roach x4, Zerg Missile Weapons Level 1  
  88  6:15  Hydralisk Den  
  88  6:17  Roach x7  
  103  6:36  Drone x3  
  103  6:37  Drone x4  
  110  6:51  Grooved Spines  
  110  6:52  Queen, Drone x2, Lurker Den  
  110  6:53  Drone x2  
  115  6:56  Overseer  
  115  7:00  Roach x3  
  119  7:10  Hydralisk x4  
  127  7:16  Overlord  
  125  7:25  Drone x3  
  125  7:27  Overlord  
  128  7:33  Overlord  
  128  7:35  Overlord  
  128  7:37  Drone  
  128  7:39  Hydralisk x3  
  128  7:41  Overlord  
  128  7:43  Overlord  
  135  7:52  Pneumatized Carapace  
  135  7:53  Drone x3  
  138  8:00  Drone x2  
  138  8:01  Drone x3  
  138  8:02  Extractor  
  138  8:04  Extractor  
  141  8:18  Drone x2  
  143  8:20  Lurker x6  
  143  8:21  Lurker  
  143  8:22  Overlord x2  
  152  8:27  Roach x10  
  152  8:31  Overlord  
  170  8:41  Hydralisk x3  
  170  8:42  Roach x2  
  170  8:46  Hatchery  
  179  9:02  Roach x3, Hydralisk x2  
  181  9:10  Hydralisk x3  
  181  9:12  Hydralisk x4  
  145  9:21  Roach x2  
Tags
 
Add a new tag
Caveats
  • Supply blocks, unpowered buildings, or Contaminate may cause inaccurate times.
  • Supply counts are checked every 10 seconds.